 Dungeon Crawl Stone Soup version 0.27-a0-13-g87abb2d9eb (webtiles) character file.

Game seed: 6301641252435362368

3257 smips the Basher (level 10, -6/56 HPs)
             Began as a Gargoyle Berserker on Jan 2, 2021.
             Was a High Priest of Trog.
             Hit by a large rock thrown by a stone giant (32 damage)
             ... on level 9 of the Dungeon.
             The game lasted 00:21:33 (7796 turns).

smips the Basher (Gargoyle Berserker)               Turns: 7796, Time: 00:21:34

Health: -6/56      AC: 16    Str: 21    XL:     10   Next: 0%
Magic:  10/10      EV:  8    Int:  8    God:    Trog [*****.]
Gold:   505        SH: 11    Dex: 12    Spells: 9/9 levels left

rFire    . . .     SeeInvis +   F - +5 flail
rCold    . . .     Faith    .   v - +2 kite shield
rNeg     + . .     Spirit   .   n - +0 plate armour
rPois    ∞         Reflect  .   A - +0 helmet
rElec    +         Harm     .   (no cloak)
rCorr    .         Rampage  .   (no gloves)
Will     .....                  f - +0 pair of boots
Stlth    ..........             C - amulet of magic regeneration
HPRegen  0.18/turn              z - +4 ring of evasion
MPRegen  0.37/turn              (no ring)

@: no status effects
A: see invisible, deformed body, negative energy resistance 1, sense
surroundings 1, electricity resistance, unbreathing, petrification resistance,
miasma immunity, AC +7
a: Renounce Religion, Berserk, Trog's Hand, Brothers in Arms


You were on level 9 of the Dungeon.
You worshipped Trog.
Trog was extremely pleased with you.
You visited 1 branch of the dungeon, and saw 9 of its levels.

You collected 505 gold pieces.

Inventory:

Hand Weapons
 F - a +5 flail (weapon)
Armour
 f - a +0 pair of boots (worn)
 n - a +0 plate armour (worn)
 v - a +2 kite shield (worn)
 A - a +0 helmet (worn)
Jewellery
 z - a +4 ring of evasion (left hand)
 C - an amulet of magic regeneration (around neck)
Wands
 e - a wand of flame (45)
 u - a wand of paralysis (11)
 x - a wand of random effects (8)
Scrolls
 a - a scroll of noise {unknown}
 b - 2 scrolls of enchant armour {unknown}
 d - 6 scrolls of teleportation
 i - 8 scrolls of remove curse
 l - 2 scrolls of fear {unknown}
 o - 4 scrolls of magic mapping
 p - a scroll of blinking {unknown}
 r - a scroll of random uselessness {unknown}
 w - a scroll of immolation {unknown}
 y - a scroll of enchant weapon {unknown}
 D - a scroll of amnesia {unknown}
Potions
 g - 5 potions of lignification
 h - 2 potions of berserk rage
 j - 2 potions of attraction
 k - 5 potions of curing
 m - 2 potions of haste
 q - 2 potions of heal wounds
 s - a potion of brilliance
 t - 2 potions of might
 E - a potion of magic {unknown}


   Skills:
 - Level 3.2 Fighting
 * Level 12.4 Maces & Flails
 - Level 5.1 Armour
 - Level 1.5 Dodging
 + Level 3.8 Shields
 + Level 0.7 Evocations


You had 9 spell levels left.
You didn't know any spells.
Your spell library was empty.

Dungeon Overview and Level Annotations

Branches:
Dungeon (9/15)               Lair (0/6) D:9             Orc (0/2) D:9
 Temple: D:4-7

Altars:
Cheibriados
Qazlal
Trog
Uskayaw
Zin
The Shining One

Portals:
Bailey: D:7


Innate Abilities, Weirdness & Mutations

You are resistant to torment.
Your stone body is resilient. (AC +7)
You are immune to poison.
You resist negative energy. (rN+)
You are resistant to electric shocks. (rElec)
You can survive without breathing.
You are immune to petrification.
You are immune to miasma.
You have supernaturally acute eyesight. (SInv)
Armour fits poorly on your strangely shaped body.
You passively map a small area around you.


Message History

Aim: a stone giant, quivering 4 large rocks (wandering, hasn't noticed you, 0% to evade)
The puff of flame hits the stone giant but does no damage.
The stone giant shouts!
The stone giant throws a large rock.
The large rock hits you!!
Items here: ( )) †.
You open the door.
Found 13 gold pieces.
Found a stone staircase leading down.
The stone giant throws a large rock.
You block the large rock.
There is an open door here.
You see here a large rock.
The stone giant throws a large rock.
The large rock hits you!
You see here a large rock.
You open the door.
There is an open door here.
Found a stone staircase leading down.
You open the door.
There is an open door here.
The stone giant throws a large rock.
The large rock hits you!!
Ouch! That really hurt!
You die...

#≈...>P)†≈#(......)).(...
#...P.P(..#..#####C###...
#.##.P.##.#..C...(...#... ,
###..#...#..#..#.......#...
#..#...≈...#...#...>...+...
###.....###......#.....######
,.................#..$..#, ,,
, ....####.####'##.####### ,
,.#+##.......@..#..., , ,
,#.............#..>.
#....<.†.....##.####
#............# .# ,
#............# , ,
#+###........#, * * , ,
##+####### , , , , , , * * **
,


You could see a stone giant.

Vanquished Creatures
  Grinder (D:5)
  Edmund (D:4)
  Menkaure (D:6)
  Duvessa (D:5)
  2 ice beasts
  An orc warrior (D:8)
  A sky beast (D:6)
  5 ogres
  2 centaurs (D:6)
  3 big kobolds
  A gnoll sergeant (D:8)
  3 bullfrogs
  Dowan (D:5)
  4 scorpions
  3 wights (D:8)
  A howler monkey (D:6)
  A bullfrog zombie (D:5)
  2 hounds
  3 jellies
  4 orc wizards
  2 bullfrog skeletons
  A centaur skeleton (D:3)
  Crazy Yiuf (D:5)
  2 iguanas (D:6)
  A worker ant (D:8)
  A hound skeleton (D:8)
  Robin (D:4)
  3 gnolls (D:8)
  5 adders
  A howler monkey skeleton (D:3)
  A white imp (D:5)
  2 oozes
  An ufetubus (D:8)
  An adder zombie (D:5)
  2 worms
  3 leopard geckos
  26 orcs
  4 ball pythons
  4 bats
  8 giant cockroaches
  17 goblins
  14 hobgoblins
  10 jackals
  2 quokkas (D:4)
  7 frilled lizards
  31 kobolds
  9 rats
201 creatures vanquished.

Vanquished Creatures (collateral kills)
  Prince Ribbit (D:5)
  An iguana (D:5)
  A goblin (D:7)
3 creatures vanquished.

Vanquished Creatures (others)
  3 withered plants (D:9)
3 creatures vanquished.

Grand Total: 207 creatures vanquished

Notes
Turn   | Place    | Note
-------+----------+-------------------------------------------
     0 | D:1      | smips the Gargoyle Berserker began the quest for the Orb.
     0 | D:1      | Reached XP level 1. HP: 14/14 MP: 1/1
   339 | D:1      | Reached XP level 2. HP: 19/19 MP: 2/2
  1155 | D:2      | Reached skill level 4 in Maces & Flails
  1171 | D:2      | Reached XP level 3. HP: 8/23 MP: 3/3
  1171 | D:2      | Reached ** piety under Trog
  1453 | D:2      | Reached XP level 4. HP: 18/28 MP: 4/4
  1799 | D:2      | Reached skill level 5 in Maces & Flails
  2213 | D:2      | Gained mutation: You are partially covered in large bone
                  | plates. (SH +4) [potion of mutation]
  2213 | D:2      | Gained mutation: You are dopey. (Int -2) [potion of
                  | mutation]
  2213 | D:2      | Gained mutation: You have sharp fingernails. [potion of
                  | mutation]
  2214 | D:2      | Lost mutation: You have sharp fingernails. [potion of
                  | mutation]
  2214 | D:2      | Lost mutation: You are dopey. (Int -2) [potion of mutation]
  2214 | D:2      | Gained mutation: You have a pair of small horns on your
                  | head. [potion of mutation]
  2214 | D:2      | Gained mutation: You passively map a small area around you.
                  | [potion of mutation]
  2246 | D:3      | Found a stormy altar of Qazlal.
  2412 | D:3      | Reached *** piety under Trog
  2491 | D:3      | Reached XP level 5. HP: 28/32 MP: 5/5
  2741 | D:3      | Found a glowing golden altar of the Shining One.
  2806 | D:3      | Reached skill level 6 in Maces & Flails
  3068 | D:4      | Noticed Robin
  3088 | D:4      | Killed Robin
  3195 | D:4      | Noticed an ogre
  3206 | D:4      | Killed an ogre
  3207 | D:4      | Reached XP level 6. HP: 14/37 MP: 6/6
  3424 | D:4      | Found a bloodstained altar of Trog.
  3492 | D:4      | Reached skill level 7 in Maces & Flails
  3567 | D:4      | Noticed Edmund
  3579 | D:4      | Killed Edmund
  3580 | D:4      | Reached XP level 7. HP: 41/41 MP: 7/7
  4025 | D:5      | Entered Level 5 of the Dungeon
  4079 | D:5      | Reached **** piety under Trog
  4160 | D:5      | Noticed Prince Ribbit
  4177 | D:5      | Killed Prince Ribbit
  4178 | D:5      | Reached skill level 8 in Maces & Flails
  4574 | D:5      | Found a snail-covered altar of Cheibriados.
  4579 | D:5      | Found a hide-covered altar of Uskayaw.
  4584 | D:5      | Found a glowing silver altar of Zin.
  4738 | D:5      | Reached XP level 8. HP: 42/46 MP: 8/8
  4785 | D:5      | Noticed Dowan
  4786 | D:5      | Noticed Duvessa
  4792 | D:5      | Killed Duvessa
  4793 | D:5      | Reached skill level 9 in Maces & Flails
  4800 | D:5      | Killed Dowan
  4911 | D:5      | Found a bloodstained altar of Trog.
  4911 | D:5      | Noticed Grinder
  4923 | D:5      | Paralysed by Grinder for 6 turns
  4962 | D:5      | Paralysed by Grinder for 3 turns
  4974 | D:5      | Killed Grinder
  5166 | D:5      | Found a runed translucent door.
  5167 | D:5      | Noticed Crazy Yiuf
  5392 | D:5      | Killed Crazy Yiuf
  5670 | D:6      | Reached skill level 10 in Maces & Flails
  5797 | D:6      | Lost mutation: You are partially covered in large bone
                  | plates. (SH +4) [potion of mutation]
  5797 | D:6      | Lost mutation: You have a pair of small horns on your head.
                  | [potion of mutation]
  5797 | D:6      | Gained mutation: Armour fits poorly on your strangely
                  | shaped body. [potion of mutation]
  5797 | D:6      | Gained mutation: You have supernaturally acute eyesight.
                  | (SInv) [potion of mutation]
  5913 | D:6      | Reached skill level 5 in Armour
  6017 | D:6      | Reached XP level 9. HP: 48/51 MP: 9/9
  6305 | D:6      | Noticed Menkaure
  6311 | D:6      | Killed Menkaure
  6460 | D:7      | Found a flagged portal.
  6480 | D:7      | Reached skill level 1 in Shields
  6497 | D:7      | Reached skill level 11 in Maces & Flails
  7387 | D:8      | Reached skill level 12 in Maces & Flails
  7678 | D:9      | Found a staircase to the Lair.
  7694 | D:9      | Reached ***** piety under Trog
  7723 | D:9      | Found a snail-covered altar of Cheibriados.
  7757 | D:9      | Reached XP level 10. HP: 56/56 MP: 10/10
  7777 | D:9      | Noticed a stone giant
  7796 | D:9      | Hit by a large rock thrown by a stone giant

Illustrated notes

Levels and vault maps discovered:
D:1:      nagdon_arrival_zigzag_paths, layout_basic
D:2:      layout_loops_ring
D:3:      layout_loops_ring, lemuel_round_altar,
          nicolae_qazlal_general_emergency, hangedman_abyss_or_decor_stabs
D:4:      layout_gridville, trog_three_pillars_becter, uniq_edmund, uniq_robin
D:5:      layout_loops_ring, lightli_temple_of_fire,
          minmay_overflow_temple_star_quad, uniq_prince_ribbit1,
          uniq_crazy_yiuf_cottage, uniq_duvessa, uniq_grinder
D:6:      layout_gridville, amcnicky_mini_pool_small, uniq_menkaure
D:7:      layout_basic, minmay_temple_entry_slanted, enter_bailey_5,
          roderic_lattice_a, nemelex_lonely_heart_becter
D:8:      layout_cave_pools, st_stairs_8
D:9:      minmay_chopped_fan, layout_irregular_city, dpeg_oklobed_lair,
          erik_orc_1, serial_undead, serial_undead_d, serial_undead_b,
          serial_undead_d, serial_undead_c, serial_undead_d, serial_undead_d,
          hellmonk_ghost_happy_afterlife, basic_altar, serial_shops, shop, shop

Skill      XL: |  1  2  3  4  5  6  7  8  9 |
---------------+----------------------------+-----
Maces & Flails | 4 5 6 7 8 10 12 | 12.4
Armour         | 3 5 |  5.1
Shields        | 3 |  3.8
Fighting       | |  3.2
Dodging        | |  1.5
Evocations     | |  0.7

Action                   |  1- 3 |  4- 6 |  7- 9 | 10-12 || total
-------------------------+-------+-------+-------+-------++-------
Melee: Mace              |    72 |   246 |   221 |       ||   539
       Headbutt          |       |    26 |    29 |       ||    55
       Flail             |       |       |   287 |    10 ||   297
Invok: Berserk           |     1 |     2 |     4 |       ||     7
       Trog's Hand       |       |       |     2 |       ||     2
       Brothers in Arms  |       |       |     2 |       ||     2
Evoke: Wand              |       |     4 |       |     1 ||     5
  Use: Scroll            |       |     7 |     5 |       ||    12
       Potion            |       |     2 |     1 |       ||     3
 Stab: Distracted        |       |       |     1 |       ||     1
Armor: Scale mail        |    49 |     3 |       |       ||    52
       Plate armour      |       |   212 |   276 |     7 ||   495
Dodge: Dodged            |    40 |    62 |    90 |       ||   192
Block: Other             |       |    23 |       |       ||    23
       Kite shield       |       |   102 |   292 |     5 ||   399

Table legend: (Time is in decaauts)
 A = Elapsed time spent in this place.
 B = Non-inter-level travel time spent in this place.
 C = Inter-level travel time spent in this place.
 D = Time resting spent in this place.
 E = Time spent auto-exploring this place.
 F = Levels seen in this place.
 G = Mean time per level.
                   A        B        C        D        E       F      G
               +--------+--------+--------+--------+--------+-----+--------+
         Total |   7900 |   7727 |    173 |   1834 |   4061 |   9 |  877.8 |
       Dungeon |   7900 |   7727 |    173 |   1834 |   4061 |   9 |  877.8 |
               +--------+--------+--------+--------+--------+-----+--------+

Top non-repeatable levels by time:
     D:5: 1455 daAuts
     D:1: 1161 daAuts
     D:8: 1129 daAuts
     D:2: 1104 daAuts
     D:4: 1046 daAuts
     D:6: 1023 daAuts
     D:3: 791 daAuts
     D:9: 131 daAuts
     D:7: 57 daAuts
